 Dungeon Crawl Stone Soup version 0.28-a0-909-g796cbd3a86 (webtiles) character file.

Game seed: 1568631299229542442

36 bigurice the Chopper (level 3, -5/33 HPs)
             Began as a Hill Orc Monk on Nov 24, 2021.
             Slain by a gnoll (10 damage)
             ... on level 2 of the Dungeon.
             The game lasted 00:08:27 (1633 turns).

bigurice the Chopper (Hill Orc Monk)                Turns: 1633, Time: 00:08:28

Health: -5/33      AC:  4    Str: 14    XL:     3   Next: 37%
Magic:  3/3        EV:  6    Int: 10    God:
Gold:   72         SH:  0    Dex: 13    Spells: 2/2 levels left

rFire   . . .      SeeInvis .   a - +0 hand axe
rCold   . . .      Faith    .   (no shield)
rNeg    . . .      Spirit   .   b - +0 robe
rPois   .          Reflect  .   f - +1 helmet
rElec   .          Harm     .   (no cloak)
rCorr   .          Rampage  .   (no gloves)
Will    .....                   (no boots)
Stlth   ++........              d - amulet of magic regeneration
HPRegen 0.11/turn               (no ring)
MPRegen 0.33/turn               (no ring)

@: flying, held
A: no striking features
a: no special abilities


You were on level 2 of the Dungeon.
You visited 1 branch of the dungeon, and saw 2 of its levels.

You collected 72 gold pieces.

Inventory:

Hand Weapons
 a - a +0 hand axe (weapon)
Armour
 b - a +0 robe (worn)
 f - a +1 helmet (worn)
Jewellery
 d - an amulet of magic regeneration (around neck)
 h - an amulet of guardian spirit
Scrolls
 k - a scroll of immolation {unknown}
 m - a scroll of noise {unknown}
Potions
 e - a potion of brilliance {unknown}
 g - a potion of berserk rage {unknown}
 l - a potion of curing {unknown}


   Skills:
 + Level 4.1 Fighting
 + Level 4.6 Axes
 + Level 2.6 Dodging
 + Level 2.0 Stealth


You had 2 spell levels left.
You didn't know any spells.
Your spell library was empty.

Dungeon Overview and Level Annotations

Branches:
Dungeon (2/15)

Altars:


Message History

The hobgoblin hits you but does no damage.
You hit the hobgoblin.
You kill the hobgoblin!
As you open the door, it creaks loudly!
You hear a shout! x3
A gnoll comes into view. It is wielding a +0 flail.
There is an open door here.
A gnoll is nearby!
A gnoll comes into view. It is wielding a +0 flail.
A gnoll comes into view. It is wielding a +0 spear.
The gnoll shouts!
You hit the gnoll.
The gnoll is moderately wounded.
The gnoll closely misses you.
You hit the gnoll.
The gnoll is severely wounded.
The gnoll hits you with a +0 flail!
You hit the gnoll.
The gnoll is severely wounded.
The gnoll hits you with a +0 flail.
As you read the scroll labelled GUMIERECYE, it crumbles to dust.
It is a scroll of enchant armour.
Your +0 helmet glows green for a moment.
The gnoll hits you with a +0 flail. The gnoll closely misses you.
The gnoll misses you.
The gnoll throws a throwing net.
The throwing net closely misses you.
As you read the scroll labelled ACOXZERUXT, it crumbles to dust.
It is a scroll of identify.
c - a potion of flight The gnoll hits you from afar with a +0 spear.
You feel very buoyant.
You fly up into the air.
The gnoll hits you but does no damage.
The gnoll throws a throwing net.
The throwing net hits you.
You become entangled in the net!
You see here a throwing net.
You struggle against the net.
The gnoll hits you but does no damage.
You struggle against the net.
The gnoll hits you from afar with a +0 spear!
* * * LOW HITPOINT WARNING * * *
You struggle against the net.
The gnoll hits you with a +0 flail!
You die...

..# #.#.....#.##.... ..#
#..###..#.#...# #...P.P ..#
##.# #.##....##.#......P
..# #..##.##.#.....#..PP...
..# ##.##.......####..P.P..
..# #..####.>.........P...
..# #.####(.........P.PP.
..# #....#....g.(......PP
.## #.......@g.......... .#
####.........g........# ##
.##....†##..###.#.##..... #
.........#..#...#'#...... #
.#.....#.#..###....# #. #
#...(.#.#.........#
#####.....#....###........
...#..........####.....##.#
...#.............+...#....


You could see 3 gnolls.

Vanquished Creatures
  A dart slug (D:1)
  3 endoplasms
  2 giant cockroaches (D:1)
  3 goblins (D:1)
  6 hobgoblins
  3 jackals (D:2)
  3 frilled lizards
  2 kobolds
  8 rats
31 creatures vanquished.

Notes
Turn   | Place    | Note
-------+----------+-------------------------------------------
     0 | D:1      | bigurice the Hill Orc Monk began the quest for the Orb.
     0 | D:1      | Reached XP level 1. HP: 19/19 MP: 1/1
   604 | D:1      | Reached XP level 2. HP: 27/27 MP: 2/2
   852 | D:1      | Found a faded altar of an unknown god.
  1209 | D:1      | You fall into a shaft and drop 1 floor!
  1216 | D:2      | Reached XP level 3. HP: 29/33 MP: 3/3
  1633 | D:2      | Slain by a gnoll

Illustrated notes

Levels and vault maps discovered:
D:1:      lemuel_arrival_rhombus, layout_loops_corners,
          hellmonk_ecumenical_altar_crossroads
D:2:      layout_basic, nicolae_grassy_gnolls

Skill      XL: |  1  2  3 |
---------------+----------+-----
Fighting       | 4 |  4.1
Stealth        | 2 |  2.0
Axes           | |  4.6
Dodging        | |  2.6

Action                   || total
-------------------------++-------
Melee: Hand axe          ||    81
  Use: Scroll            ||     2
       Potion            ||     1
 Stab: Sleeping          ||     6
Armor: Robe              ||    18
Dodge: Dodged            ||    43

Table legend: (Time is in decaauts)
 A = Elapsed time spent in this place.
 B = Non-inter-level travel time spent in this place.
 C = Inter-level travel time spent in this place.
 D = Time resting spent in this place.
 E = Time spent auto-exploring this place.
 F = Levels seen in this place.
 G = Mean time per level.
                   A        B        C        D        E       F      G
               +--------+--------+--------+--------+--------+-----+--------+
         Total |   1639 |   1639 |      0 |    515 |    835 |   2 |  819.5 |
       Dungeon |   1639 |   1639 |      0 |    515 |    835 |   2 |  819.5 |
               +--------+--------+--------+--------+--------+-----+--------+

Top non-repeatable levels by time:
     D:1: 1212 daAuts
     D:2: 426 daAuts
